 Dungeon Crawl Stone Soup version 0.19-a0-753-gae73b43 (webtiles) character file.

138 mmcf the Charmwright (level 5, -4/38 HPs)
             Began as a Merfolk Skald on June 25, 2016.
             Was an Initiate of Okawaru.
             Slain by an orc
             ... wielding a +2 hand axe of distortion
              (7 damage)
             ... on level 5 of the Dungeon.
             The game lasted 00:11:26 (4600 turns).

mmcf the Charmwright (Merfolk Skald)                Turns: 4600, Time: 00:11:26

Health: -4/38      AC:  4    Str: 13    XL:     5   Next: 21%
Magic:  7/8        EV: 11    Int: 12    God:    Okawaru [......]
Gold:   158        SH:  0    Dex: 13    Spells: 4 memorised, 0 levels left

rFire  . . .     SeeInvis .     a - +0 spear
rCold  . . .     Gourm    .     b - +0 leather armour
rNeg   . . .     Faith    .     (no shield)
rPois  .         Spirit   .     (no helmet)
rElec  .         Dismiss  .     (no cloak)
rCorr  .         Reflect  .     l - +0 pair of gloves
SustAt .         Harm     .     (no boots)
MR     .....                    (no amulet)
Stlth  +.........               (no ring)
                                (no ring)

@: drained, not resistant to hostile enchantments, very unstealthy
A: change form in water, swift swim
a: Renounce Religion


You were on level 5 of the Dungeon.
You worshipped Okawaru.
Okawaru was noncommittal.
You were very hungry.

You visited 1 branch of the dungeon, and saw 5 of its levels.

You collected 158 gold pieces.

Inventory:

Hand Weapons
 a - a +0 spear (weapon)
Missiles
 o - 9 tomahawks (quivered)
 r - 27 poisoned needles
Armour
 b - a +0 leather armour (worn)
 l - a +0 pair of gloves (worn)
Jewellery
 h - an uncursed amulet of harm
 t - an uncursed ring of sustain attributes {unknown}
Scrolls
 e - 5 scrolls of identify {unknown}
 f - 2 scrolls of remove curse {unknown}
 g - a scroll of recharging {unknown}
 j - 3 scrolls of magic mapping {unknown}
 m - 2 scrolls of teleportation {unknown}
 s - a scroll of blinking {unknown}
 u - 2 scrolls of random uselessness {unknown}
 w - a scroll of immolation {unknown}
 x - a scroll of noise {unknown}
 y - a scroll of fog {unknown}
Potions
 k - a potion of haste {unknown}
 n - 2 potions of curing {unknown}
 q - a potion of beneficial mutation {unknown}
 v - a potion of brilliance {unknown}
 z - a potion of mutation {unknown}
 B - a potion of invisibility {unknown}
Books
 c - a book of Battle

   Spells                             Type                      Level
   a - Infusion                       Charms                       1
   b - Shroud of Golubria             Charms/Translocation         2
   c - Song of Slaying                Charms                       2
   d - Spectral Weapon                Hexes/Charms                 3
   e - Regeneration                   Charms/Necromancy            3
Comestibles
 d - 5 bread rations
 i - a royal jelly
 p - a meat ration
 A - a beef jerky


   Skills:
 + Level 2.1 Fighting
 - Level 3.0(2.9) Polearms
 - Level 0.6(0.5) Armour
 - Level 1.3 Dodging
 - Level 2.2(2.1) Spellcasting
 * Level 6.2(6.1) Charms


You couldn't memorise any spells.
You knew the following spells:

 Your Spells              Type           Power        Failure   Level  Hunger
a - Infusion              Chrm           ###.         2%          1    ##.....
b - Shroud of Golubria    Chrm/Tloc      #.........   17%         2    ###....
c - Song of Slaying       Chrm           ###.....     4%          2    ###....
d - Spectral Weapon       Hex/Chrm       #.......     30%         3    ####...


Dungeon Overview and Level Annotations

Branches:
Dungeon (5/15)
 Temple: D:4-7

Altars:
Kikubaaqudgha
Okawaru
Pakellas

Shops:
D:4 :

Annotations:
D:3 tstbtto's ghost, amateur HOFi


Message History

You hit the centaur.
The centaur is moderately wounded.
The centaur barely misses you. The centaur closely misses you.
You hit the centaur.
The centaur is moderately wounded.
Your shroud bends the centaur's attack away.
You hit the centaur.
The centaur is heavily wounded.
The centaur hits you.
Your shroud falls apart!
The centaur hits you.
You hit the centaur.
The centaur is heavily wounded.
The centaur hits you.
You hit the centaur.
The centaur is heavily wounded.
The centaur hits you!
* * * LOW HITPOINT WARNING * * *
The orc hits you with a hand axe of distortion!
You die...

....# ......
......
####.....#
#(.......#
#(...#####
.######....#
.......o...+
#####..@...#
#..c...#
#......#
#######
#...####
#......
#####
#......
###......
#.....<..
#........
..........


You could see a centaur and an orc.

Vanquished Creatures
  4 adders
  A shadow imp (D:4)
  2 worms
  A dart slug (D:2)
  2 giant geckos
  4 orcs
  9 bats
  4 bat zombies (D:2)
  4 giant cockroaches
  4 goblins
  13 hobgoblins
  6 jackals
  8 kobolds
  A quokka (D:3)
  A ball python (D:1)
  4 giant newts
  4 rats
72 creatures vanquished.

Notes
Turn   | Place    | Note
--------------------------------------------------------------
     0 | D:1      | mmcf the Merfolk Skald began the quest for the Orb.
     0 | D:1      | Reached XP level 1. HP: 16/16 MP: 3/3
   146 | D:1      | Found an iron altar of Okawaru.
   210 | D:1      | Became a worshipper of Warmaster Okawaru
   237 | D:1      | Reached XP level 2. HP: 16/22 MP: 3/5
   328 | D:1      | Reached skill level 4 in Charms
   987 | D:1      | Reached XP level 3. HP: 26/27 MP: 6/6
  1403 | D:1      | Learned a level 2 spell: Shroud of Golubria
  1406 | D:1      | Learned a level 2 spell: Song of Slaying
  1615 | D:2      | Reached skill level 5 in Charms
  1634 | D:2      | Reached XP level 4. HP: 30/33 MP: 7/7
  1793 | D:2      | Found an ancient bone altar of Kikubaaqudgha.
  2769 | D:3      | Found an oddly glowing altar of Pakellas.
  2817 | D:3      | Noticed tstbtto's ghost (amateur HOFi)
  3238 | D:3      | Reached skill level 6 in Charms
  3238 | D:3      | Reached XP level 5. HP: 26/38 MP: 4/8
  3262 | D:4      | Found Enaadose's Book Shoppe.
  3288 | D:3      | Learned a level 3 spell: Spectral Weapon
  4204 | D:5      | Entered Level 5 of the Dungeon
  4204 | D:5      | Noticed a phantom
  4589 | D:4      | You fall through a shaft!
  4589 | D:5      | Noticed a centaur
  4600 | D:5      | Slain by an orc

Vault maps used:
D:1:      dpeg_arrival_tiny_a, okawaru_ov_weapons_minmay
D:2:      lemuel_zombie_altar_kikubaaqudgha
D:3:      minitemple, first_bread, grunt_pakellas_basics, uniq_iyjb
D:4:      kennysheep_little_box, serial_shops, shop, grunt_decor_mini_mirrors,
          uniq_eustachio, uniq_blork_the_orc

Skill      XL: |  1  2  3  4 |
---------------+-------------+-----
Charms         | 4 5 6 |  6.2
Fighting       | |  2.1
Polearms       | |  3.0
Armour         | |  0.6
Dodging        | |  1.3
Spellcasting   | |  2.2

Action                   |  1- 3 |  4- 6 || total
-------------------------+-------+-------++-------
Melee: Spear             |   149 |   209 ||   358
Throw: Tomahawk          |       |     2 ||     2
 Cast: Infusion          |     6 |     9 ||    15
       Shroud of Golubri |       |     8 ||     8
 Stab: Sleeping          |     1 |       ||     1
  Eat: Chunk             |     2 |    10 ||    12
Armor: Leather armour    |    35 |    77 ||   112
Dodge: Dodged            |    65 |   136 ||   201
